 Dungeon Crawl Stone Soup version 0.30.1-9-gdf580d7c3d (webtiles) character file.

Game seed: 13771378420102037758

272 Amplified the Chopper (level 6, 0/49 HPs)
             Began as an Armataur Gladiator on Sept 29, 2023.
             Succumbed to an orc wizard's poison
             ... on level 6 of the Dungeon.
             The game lasted 00:04:27 (2495 turns).

Amplified the Chopper (Armataur Gladiator)          Turns: 2495, Time: 00:04:27

Health: 0/49       AC:  8    Str: 22    XL:     6   Next: 2%
Magic:  6/6        EV:  8    Int:  8    God:
Gold:   168        SH:  0    Dex: 11    Spells: 5/5 levels left

rFire   + . .        a - +0 war axe
rCold   . . .        (no shield)
rNeg    . . .        g - +0 scale mail
rPois   .            c - +0 helmet
rElec   .            (no cloak)
rCorr   .            p - +0 pair of gloves
SInv    .            (no barding)
Will    .....        (no amulet) Stlth
                     (no ring)
HPRegen 0.28/turn    (no ring)
MPRegen 0.10/turn

%: roll
@: lethally poisoned (0 -> -34)
A: large, rugged brown scales 3, deformed body, armoured tail, roll, long
tongue, awkward tongue, fire resistance 1, frail 1, screaming 1
a: no special abilities


You were on level 6 of the Dungeon.
You visited 1 branch of the dungeon, and saw 6 of its levels.
You also visited: Sewer.

You collected 200 gold pieces.
You spent 32 gold pieces at shops.

Inventory:

Hand Weapons
 a - a +0 war axe (weapon)
Missiles
 e - a javelin (quivered)
Armour
 b - a +0 leather armour
 c - a +0 helmet (worn)
 g - a +0 scale mail (worn)
 p - a +0 pair of gloves (worn)
Scrolls
 f - 3 scrolls of teleportation
 i - a scroll of blinking
 j - 2 scrolls of fear {unknown}
 l - a scroll of noise {unknown}
 o - a scroll of summoning {unknown}
 q - a scroll of silence {unknown}
 r - a scroll of brand weapon {unknown}
 u - 2 scrolls of poison {unknown}
 y - 2 scrolls of enchant weapon {unknown}
 z - a scroll of enchant armour {unknown}
 A - a scroll of vulnerability {unknown}
Potions
 k - 2 potions of haste
 s - a potion of mutation
 t - 2 potions of flight
 w - a potion of cancellation
 x - 5 potions of berserk rage {unknown}
 B - a potion of lignification {unknown}


   Skills:
 * Level 3.6 Fighting
 * Level 3.7 Axes
 - Level 1.7 Throwing
 * Level 3.4 Dodging


You had 5 spell levels left.
You didn't know any spells.
Your spell library contained the following spells:

 Spells                   Type           Power      Damage    Failure   Level
 Shock                    Conj/Air       0%         1d3       77%         1
 Summon Small Mammal      Summ           0%         N/A       77%         1
 Call Canine Familiar     Summ           0%         N/A       98%         3
 Summon Guardian Golem    Hex/Summ       0%         N/A       98%         3
 Swiftness                Air            0%         N/A       98%         3
 Airstrike                Air            0%         2d(0-16)  100%        4


Dungeon Overview and Level Annotations

Branches:
Dungeon (7/15)             Temple (0/1) D:4           Sewer (visited)

Altars:
Elyvilon
Hepliaklqana
Kikubaaqudgha
Qazlal
Sif Muna
Wu Jian
Xom
Yredelemnul

Shops:
D:3 *


Innate Abilities, Weirdness & Mutations

You are completely covered in rugged brown scales. (AC +3, +7% HP)
Armour fits poorly on your strangely shaped body.
You have a long armoured tail.
You roll when moving toward enemies. (Rampage)
Your long tongue fully drains potion bottles. (2x potion effects)
Your tongue gives you trouble enunciating. (1.5x scroll delay)
Your flesh is heat resistant. (rF+)
You are frail. (-10% HP)
You occasionally shout uncontrollably at your foes.


Message History

Unknown command.
It was a potion of mutation.
You feel extremely strange.
You feel the urge to shout.
You feel frail.
You feel resistant to heat.
You slurp down every last drop of the potion of mutation!
You feel very sick.
It was a potion of flight.
You feel very buoyant.
You fly up into the air.
You slurp down every last drop of the potion of flight!
You feel very sick. Something hits you but does no damage.
You are more poisoned.
Unknown command.
It was a potion of attraction.
You feel attractive to monsters.
You slurp down every last drop of the potion of attraction!
Your extra speed is starting to run out.
You feel very sick. Something hits you but does no damage.
You are more poisoned.
Unknown command.
Unknown command.
You are too confused!
Unknown command.
It was a potion of cancellation.
Your magical effects are unravelling.
You feel magically purged.
You slurp down every last drop of the potion of cancellation!
You feel yourself slow down.
You float gracefully downwards.
You feel less confused.
* * * LOW HITPOINT WARNING * * *
You feel very sick.
You feel less attractive to monsters.
Unknown command.
Okay, then.
Blink to where?
Press: ? - help, Dir - move target As you slowly read the scroll of blinking, it crumbles to dust.
You die...

*,**,*********,***,** *,*
*,,,,,,,,,,,,,,**,*,****,*
********,****,,,,**#,,,,,*
*,* **,**.#.****** *,*
###,**#.#* *,* #..,,*#.#
*,* #.#,**#.# #.###.###
#.# #....@..###.#
##.....){)..##########
#.##.#§##†...........
#<*#.#.###.##########
**,*#.#.# #.# #
***********,,,#.#.#*#.#**
#
*,,,,,,,,,,,,,..#..,...,*
#
*,*********,,,#####*#.#,**
# *,* ****,*,,,,,,.(.,,* #


There were no monsters in sight!

Vanquished Creatures
  A water moccasin (D:6)
  Terence (D:3)
  An orc wizard (D:6)
  A hell rat (Sewer)
  An adder (D:2)
  2 river rats (Sewer)
  2 dart slugs
  A worm (D:4)
  An orc (D:6)
  10 bats
  2 endoplasms (D:1)
  2 giant cockroaches
  10 hobgoblins
  3 jackals (D:4)
  3 quokkas
  6 ball pythons
  4 frilled lizards
  5 goblins
  A kobold (D:2)
  7 rats
64 creatures vanquished.

Notes
Turn   | Place    | Note
-------+----------+-------------------------------------------
     0 | D:1      | Amplified the Armataur Gladiator began the quest for the
                  | Orb.
     0 | D:1      | Reached XP level 1. HP: 18/18 MP: 1/1
   128 | D:1      | Reached XP level 2. HP: 22/25 MP: 2/2
   333 | D:1      | Found a faded altar of an unknown god.
   514 | D:2      | Reached XP level 3. HP: 32/32 MP: 3/3
   531 | D:2      | Found a basalt altar of Yredelemnul.
  1271 | D:3      | Found a glowing drain.
  1304 | Sewer    | Entered a sewer
  1336 | Sewer    | Reached XP level 4. HP: 22/39 MP: 4/4
  1554 | D:3      | Noticed Terence
  1559 | D:3      | Killed Terence
  1615 | D:3      | Found Ovaafeok's Assorted Antiques.
  1618 | D:3      | Bought a scroll labelled SUOWIT XANEHA for 17 gold pieces
  1618 | D:3      | Bought a smoky ruby potion for 15 gold pieces
  1732 | D:3      | Found a shimmering altar of Xom.
  1737 | D:3      | Found a hazy altar of Hepliaklqana.
  1740 | D:3      | Found a white marble altar of Elyvilon.
  1740 | D:3      | Found an ornate altar of the Wu Jian Council.
  1747 | D:3      | Found a basalt altar of Yredelemnul.
  1802 | D:3      | Found a stormy altar of Qazlal.
  1802 | D:3      | Found an ancient bone altar of Kikubaaqudgha.
  2056 | D:4      | Reached XP level 5. HP: 44/46 MP: 5/5
  2156 | D:4      | Found a shimmering blue altar of Sif Muna.
  2289 | D:4      | Found a staircase to the Ecumenical Temple.
  2379 | D:4      | You fall into a shaft and drop 3 floors!
  2382 | D:7      | Noticed an orc warrior
  2448 | D:6      | Noticed a water moccasin
  2477 | D:6      | Killed a water moccasin
  2490 | D:6      | Reached XP level 6. HP: 34/54 MP: 6/6
  2491 | D:6      | Gained mutation: You occasionally shout uncontrollably at
                  | your foes. [potion of mutation]
  2491 | D:6      | Gained mutation: You are frail. (-10% HP) [potion of
                  | mutation]
  2491 | D:6      | Gained mutation: Your flesh is heat resistant. (rF+)
                  | [potion of mutation]
  2495 | D:6      | Succumbed to an orc wizard's poison

Illustrated notes

Levels and vault maps discovered:
D:1:      roderic_chinese_lattice_arrival, layout_rooms,
          chequers_ecumenical_altar_twisty
D:2:      layout_basic, basic_altar
D:3:      layout_basic, nicolae_overflow_hallway_of_the_gods,
          gammafunk_temple_overflow_statue, serial_shops,
          nicolae_shop_tiny_real_fake_doors, cheibrodos_sewer_entry_sluice,
          uniq_terence
D:4:      layout_rooms, mainiacjoe_overflow_alcove_1,
          minmay_temple_entry_junction_2, corner_web_ring, dk_vineyard_2
D:6:      layout_loops_ring, amcnicky_mini_pool_medium
D:7:      layout_rooms, gammafunk_ghost_icy, skrybe_limestone_x

Skill      XL: |  1  2  3  4 |
---------------+-------------+-----
Fighting       | 2 3 |  3.6
Axes           | 3 |  3.7
Dodging        | 3 |  3.4
Throwing       | |  1.7

Action                     |  1- 3 |  4- 6 || total
---------------------------+-------+-------++-------
  Melee: War axe           |   116 |    69 ||   185
         Tailslap          |     9 |     3 ||    12
         Punch             |     1 |       ||     1
  Throw: Throwing net      |       |     6 ||     6
    Use: Scroll            |     4 |     6 ||    10
         Potion            |       |    12 ||    12
   Stab: Held in net/web   |       |     1 ||     1
 Armour: Scale mail        |    58 |    38 ||    96
         Leather armour    |     2 |       ||     2
  Dodge: Dodged            |    55 |    29 ||    84
